 Dungeon Crawl Stone Soup version 0.19.0-11-g3fc08b3 (webtiles) character file.

18799 dobroeutro the Severer (level 12, -15/116 HPs)
             Began as a Minotaur Berserker on Nov 9, 2016.
             Was a High Priest of Trog.
             Killed from afar by an ogre mage (69 damage)
             ... with a crystal spear
             ... on level 2 of the Orcish Mines.
             The game lasted 00:18:03 (9511 turns).

dobroeutro the Severer (Minotaur Berserker)         Turns: 9511, Time: 00:18:03

Health: -15/116    AC: 23    Str: 19    XL:     12   Next: 30%
Magic:  11/11      EV: 14    Int:  3    God:    Trog [*****.]
Gold:   988        SH:  0    Dex: 11    Spells: 0 memorised, 11 levels left

rFire  + . .     SeeInvis +     E - +5 battleaxe
rCold  + . .     Gourm    .     b - +5 scale mail "Volon" {rPois rF+ Str-4 SInv}
rNeg   . . .     Faith    .     (shield currently unavailable)
rPois  +         Spirit   .     z - +2 hat
rElec  .         Reflect  .     r - +1 cloak
rCorr  +         Harm     .     e - +2 pair of gloves
MR     .....                    (no boots)
Stlth  ..........               (no amulet)
                                M - ring of flight
                                d - ring of resist corrosion

@: exhausted, slowed, very slow
A: retaliatory headbutt, horns 2, molten scales 1, see invisible, blink, cold
resistance 1, deterioration 1, dopey 1, robust 1, weak 1
a: Blink, Berserk, Trog's Hand, Brothers in Arms, Burn Spellbooks, Renounce
Religion, Evoke Flight


You were on level 2 of the Orcish Mines.
You worshipped Trog.
Trog was extremely pleased with you.
You were hungry.

You visited 2 branches of the dungeon, and saw 12 of its levels.
You also visited: Sewer.

You collected 1500 gold pieces.
You spent 512 gold pieces at shops.

Inventory:

Hand Weapons
 a - a +0 hand axe
 E - a +5 battleaxe (weapon)
Armour
 b - the +5 scale mail "Volon" (worn) {rPois rF+ Str-4 SInv}
   (You found it on level 4 of the Dungeon)

   It affects your strength (-4).
   It protects you from fire.
   It protects you from poison.
   It lets you see invisible.
 e - a +2 pair of gloves (worn)
 r - a +1 cloak (worn)
 y - a +2 scale mail of fire resistance
 z - a +2 hat (worn)
 G - the +6 chain mail of Synchronized Stabbing {rPois rN+ rCorr}
   (You found it on level 6 of the Dungeon)

   It protects you from poison.
   It protects you from negative energy.
   It protects you from acid and corrosion.
Jewellery
 d - a ring of resist corrosion (left hand)
 M - a ring of flight (right hand)
Wands
 g - a wand of digging (18/24)
 A - a wand of confusion (34/48)
 B - a wand of random effects (25/48)
 C - a wand of polymorph (10/24)
 J - a wand of polymorph (9/24)
Scrolls
 f - 4 scrolls of remove curse
 h - 4 scrolls of teleportation
 s - a scroll of enchant weapon
 t - a scroll of enchant armour
 u - a scroll of recharging
 w - a scroll of magic mapping
 F - 2 scrolls of fog
 N - 2 scrolls of identify
Potions
 j - 2 potions of flight
 k - 6 potions of heal wounds
 l - 11 potions of curing
 n - 5 potions of brilliance
 o - a potion of haste
 p - 2 potions of might
 q - 5 potions of agility
 v - 2 potions of lignification
 H - a potion of resistance {unknown}
 I - a potion of magic {unknown}
 O - a potion of ambrosia {unknown}
Comestibles
 c - 8 bread rations
 i - 8 beef jerkies
 m - 11 fruits
 x - 3 chunks of flesh
 D - 4 meat rations


   Skills:
 + Level 10.3 Fighting
 + Level 17.0 Axes
 + Level 10.1 Armour
 + Level 9.1 Dodging


You had 11 spell levels left.
You didn't know any spells.

Dungeon Overview and Level Annotations

Branches:
Dungeon (10/15)            Temple (0/1) D:4            Lair (0/6) D:10
    Orc (2/2) D:10            Elf (0/3) Orc:2

Altars:
Dithmenos
Elyvilon
Gozag
Hepliaklqana
Qazlal
Zin
The Shining One
Beogh

Shops:
D:5 [:   D:6 [[%   D:10 :   Orc:2 (!

Annotations:
D:5 Prince Ribbit
D:7 Blork the orc


Innate Abilities, Weirdness & Mutations

You reflexively headbutt those who attack you in melee.
You have a pair of horns on your head.
You are partially covered in molten scales. (AC +2)
You have supernaturally acute eyesight. (SInv)
You can translocate small distances at will.
Your flesh is cold resistant. (rC+)
Your body sometimes deteriorates upon taking damage.
You are dopey. (Int -2)
You are robust. (+10% HP)
You are weak. (Str -2)


Message History

The ogre mage hits you but does no damage.
Items here: )))))))) [ †††† Unknown command.
You barely miss the ogre mage. You barely miss the troll. You hit the ogre.
You slash the deep troll! The deep troll bites you!
The deep troll claws you but does no damage.
The deep troll claws you. The troll bites you but does no damage.
The troll closely misses you. The troll claws you but does no damage.
The ogre closely misses you. You furiously retaliate!
You headbutt the ogre. The ogre mage barely misses you.
You closely miss the deep troll.
The deep troll is lightly wounded.
You slash the ogre! You barely miss the troll. You closely miss the ogre mage.
The deep troll closely misses you. The deep troll barely misses you.
The deep troll misses you. The troll closely misses you. x2
The troll claws you but does no damage.
The ogre mage points at you and mumbles some strange words.
The crystal spear hits you!
Ouch! That really hurt!
You die...

...## ..## #......
..##### ## ......∩.
....#.# ##.#
.∩...... #.....##
...#........
###.#..# ..........#
##...#### #.TO......
##......##
#TOT$C....
###...)....#####@#)#
##.....)...#.#..)O#
................(##
...............###
.......).......#
.....###.....#.###
....####.........#
....##.........###
...............##


You could see an ogre mage, a deep troll, a cyclops, 2 trolls and 2 ogres.

Vanquished Creatures
  Snorg (Orc:2)
  An ettin (Orc:2)
  The ghost of dobroeutro the Cleaver, a novice MiBe of Trog (D:8)
  A deep troll (Orc:2)
  Pikel (D:7)
  3 hill giants
  An orc knight (Orc:2)
  A cyclops (Orc:2)
  Joseph (D:7)
  7 trolls
  A hornet (D:9)
  6 two-headed ogres
  A meliai zombie (D:9)
  5 yaks (D:10)
  A wyvern (D:10)
  Grum (D:9)
  2 hungry ghosts (D:10)
  The ghost of emikaela the Skirmisher, an amateur DEHu (D:5)
  2 wargs
  Edmund (D:4)
  2 water moccasins
  A phantom (D:8)
  2 slaves (D:7)
  Duvessa (D:4)
  2 ice beasts
  9 orc warriors
  4 sky beasts
  2 wolves (D:9)
  19 ogres
  4 centaurs
  A big kobold (Sewer)
  4 bullfrogs
  A water moccasin skeleton (D:4)
  Dowan (D:4)
  8 wights
  2 howler monkeys
  4 jellies
  An electric eel (D:8)
  2 bullfrog zombies (D:9)
  2 centaur zombies
  6 crimson imps
  A quasit (D:10)
  24 orc wizards
  2 hounds
  13 orc priests
  A centaur skeleton (D:4)
  8 worker ants
  4 iguanas
  A hound zombie (D:9)
  A worker ant zombie (D:10)
  A howler monkey skeleton (D:8)
  10 adders
  4 river rats
  4 shadow imps
  An adder skeleton (D:4)
  2 worms (D:3)
  A dart slug (D:1)
  4 leopard geckos
  46 orcs
  5 bats
  6 giant cockroaches
  5 goblins
  8 hobgoblins
  6 jackals
  21 kobolds
  3 quokkas
  6 ball pythons
  6 frilled lizards
  A quokka skeleton (D:9)
  34 rats
346 creatures vanquished.

Vanquished Creatures (collateral kills)
  Rupert (Orc:2)
  Erolcha (Orc:2)
  An orc priest (Orc:2)
  3 orcs (Orc:2)
6 creatures vanquished.

Vanquished Creatures (others)
  A slave (D:7)
  A worker ant (D:7)
2 creatures vanquished.

Grand Total: 354 creatures vanquished

Notes
Turn   | Place    | Note
-------+----------+-------------------------------------------
     0 | D:1      | dobroeutro the Minotaur Berserker began the quest for the Orb.
     0 | D:1      | Reached XP level 1. HP: 19/19 MP: 0/0
    48 | D:1      | Reached skill level 4 in Axes
   148 | D:1      | Reached XP level 2. HP: 26/26 MP: 1/1
   541 | D:2      | Found a stormy altar of Qazlal.
   569 | D:2      | Reached skill level 5 in Axes
   569 | D:2      | Reached XP level 3. HP: 31/31 MP: 2/2
   764 | D:2      | Reached ** piety under Trog
   787 | D:2      | Found a glowing silver altar of Zin.
   787 | D:2      | Found a glowing golden altar of the Shining One.
   787 | D:2      | Found a white marble altar of Elyvilon.
  1271 | D:3      | Reached XP level 4. HP: 39/39 MP: 3/3
  1278 | D:3      | Reached skill level 6 in Axes
  1283 | D:3      | Found a glowing drain.
  1293 | Sewer    | Entered a sewer
  1439 | Sewer    | Reached *** piety under Trog
  1606 | Sewer    | Reached XP level 5. HP: 45/45 MP: 4/4
  1622 | Sewer    | Reached skill level 7 in Axes
  2190 | D:3      | Reached skill level 8 in Axes
  2332 | D:3      | Reached **** piety under Trog
  2384 | D:4      | Noticed Edmund
  2401 | D:4      | Killed Edmund
  2401 | D:4      | Reached XP level 6. HP: 39/51 MP: 5/5
  2665 | D:4      | Reached skill level 9 in Axes
  2668 | D:4      | Noticed Duvessa
  2668 | D:4      | Noticed Dowan
  2678 | D:4      | Killed Duvessa
  2678 | D:4      | Killed Dowan
  2678 | D:4      | Reached XP level 7. HP: 57/57 MP: 6/6
  2759 | D:4      | Reached skill level 10 in Axes
  2774 | D:4      | Found a staircase to the Ecumenical Temple.
  2936 | D:4      | Got a dazzling scale mail
  2947 | D:4      | Identified the +5 scale mail "Volon" {rPois rF+ Str-4 SInv} (You found it on level 4 of the Dungeon)
  3192 | D:5      | Entered Level 5 of the Dungeon
  3251 | D:5      | Noticed Prince Ribbit
  3272 | D:5      | Noticed emikaela's ghost (amateur DEHu)
  3287 | D:5      | Killed emikaela's ghost
  3287 | D:5      | Reached skill level 11 in Axes
  3332 | D:5      | Found Meick's Antique Armour Shop.
  3384 | D:5      | Reached XP level 8. HP: 46/64 MP: 7/7
  3451 | D:5      | Found Orchojao's Book Shop.
  3543 | D:5      | Reached skill level 12 in Axes
  3593 | D:5      | Found a hazy altar of Hepliaklqana.
  4038 | D:5      | Bought an embroidered hat for 250 gold pieces
  4101 | D:6      | Found a shadowy altar of Dithmenos.
  4122 | D:6      | Gained mutation: You can translocate small distances at will. [mutagenic meat]
  4123 | D:6      | Gained mutation: You are dopey. (Int -2) [mutagenic meat]
  4124 | D:6      | Lost intelligence.
  4124 | D:6      | Gained mutation: You are very dopey. (Int -4) [mutagenic meat]
  4221 | D:6      | Reached skill level 13 in Axes
  4362 | D:6      | Found Nefett's Armour Shop.
  4382 | D:6      | Got a warped chain mail
  4393 | D:6      | Identified the +6 chain mail of Synchronized Stabbing {rPois rN+ rCorr} (You found it on level 6 of the Dungeon)
  4446 | D:6      | Reached ***** piety under Trog
  4485 | D:6      | Found Urocs's Armour Emporium.
  4681 | D:6      | Found Nuakkiv's Food Shop.
  4810 | D:7      | Noticed Joseph
  4821 | D:7      | Killed Joseph
  4821 | D:7      | Reached skill level 14 in Axes
  4821 | D:7      | Reached XP level 9. HP: 70/70 MP: 8/8
  4880 | D:7      | Noticed Pikel
  4895 | D:7      | Killed Pikel
  4902 | D:7      | Reached skill level 15 in Axes
  5309 | D:7      | Noticed Blork the orc
  5380 | D:8      | Noticed dobroeutro's ghost (novice MiBe)
  5397 | D:8      | Killed dobroeutro's ghost
  5397 | D:8      | Reached skill level 5 in Fighting
  5397 | D:8      | Reached XP level 10. HP: 68/81 MP: 9/9
  5405 | D:8      | Found an opulent altar of Gozag.
  5879 | D:8      | Reached skill level 5 in Armour
  6223 | D:9      | Noticed Grum
  6234 | D:9      | Killed Grum
  6234 | D:9      | Reached skill level 5 in Dodging
  6394 | D:9      | Gained mutation: You are weak. (Str -2) [mutagenic meat]
  6395 | D:9      | Gained mutation: You are partially covered in molten scales. (AC +2) [mutagenic meat]
  6396 | D:9      | Gained mutation: You have supernaturally acute eyesight. (SInv) [mutagenic meat]
  6397 | D:9      | Gained mutation: Your body sometimes deteriorates upon taking damage. [mutagenic meat]
  6484 | D:9      | Gained mutation: Your flesh is cold resistant. (rC+) [potion of mutation]
  6484 | D:9      | Gained mutation: Your body often deteriorates upon taking damage. [potion of mutation]
  6485 | D:9      | Gained mutation: You are robust. (+10% HP) [potion of mutation]
  6486 | D:9      | Lost mutation: You are very dopey. (Int -4) [potion of mutation]
  6487 | D:9      | Gained mutation: You have large cloven feet. [potion of mutation]
  6487 | D:9      | Lost mutation: Your body often deteriorates upon taking damage. [potion of mutation]
  6487 | D:9      | Lost mutation: You have large cloven feet. [potion of mutation]
  6878 | D:10     | Entered Level 10 of the Dungeon
  7066 | D:5      | Bought a pair of glowing gloves for 262 gold pieces
  7159 | D:10     | Received a gift from Trog
  7173 | D:10     | Found a staircase to the Orcish Mines.
  7207 | D:10     | Found a staircase to the Lair.
  7310 | D:10     | Reached skill level 16 in Axes
  7322 | D:10     | Reached XP level 11. HP: 62/101 MP: 10/10
  7455 | D:10     | Noticed a hill giant
  7460 | D:10     | Killed a hill giant
  7576 | D:10     | Found Pugufeil's Book Emporium.
  7746 | Orc:1    | Entered Level 1 of the Orcish Mines
  8158 | Orc:1    | Found a roughly hewn altar of Beogh.
  8258 | Orc:1    | You fall through a shaft!
  8258 | Orc:2    | Entered Level 2 of the Orcish Mines
  8269 | Orc:2    | Noticed Rupert
  8273 | Orc:2    | Noticed Erolcha
  8280 | Orc:2    | Killed Rupert
  8281 | Orc:2    | Killed Erolcha
  8627 | Orc:2    | Noticed an ettin
  8635 | Orc:2    | Killed an ettin
  8679 | Orc:2    | Received a gift from Trog
  8734 | Orc:2    | Found a staircase to the Elven Halls.
  8763 | Orc:2    | Noticed an orc knight
  8780 | Orc:2    | Killed an orc knight
  9060 | Orc:2    | Noticed Snorg
  9070 | Orc:2    | Killed Snorg
  9465 | Orc:2    | Found Vadel's Weapon Boutique.
  9466 | Orc:2    | Noticed a hill giant
  9467 | Orc:2    | Found Lowy's Distillery.
  9472 | Orc:2    | Noticed an ogre mage
  9475 | Orc:2    | Noticed a deep troll
  9477 | Orc:2    | Killed a hill giant
  9477 | Orc:2    | Reached XP level 12. HP: 115/115 MP: 11/11
  9492 | Orc:2    | Reached skill level 10 in Fighting
  9500 | Orc:2    | Reached skill level 17 in Axes
  9500 | Orc:2    | Reached skill level 10 in Armour
  9511 | Orc:2    | Killed from afar by an ogre mage

Skill      XL: |  1  2  3  4  5  6  7  8  9 10 11 12 |
---------------+-------------------------------------+-----
Axes           | 4 5 6 8 9 11 14 15 16 17 | 17.0
Fighting       | 5 7 9 10 | 10.3
Armour         | 4 7 9 10 | 10.1
Dodging        | 4 6 8 9 |  9.1

Action                   |  1- 3 |  4- 6 |  7- 9 | 10-12 || total
-------------------------+-------+-------+-------+-------++-------
Melee: Hand axe          |    88 |   147 |   147 |       ||   382
       Headbutt          |    10 |    19 |    44 |    71 ||   144
       Battleaxe         |       |       |   100 |   422 ||   522
Invok: Berserk           |       |     2 |     5 |     3 ||    10
       Brothers in Arms  |       |       |       |     2 ||     2
       Burn Spellbooks   |       |       |       |     1 ||     1
       Trog's Hand       |       |       |       |     1 ||     1
  Use: Scroll            |     5 |       |     8 |    12 ||    25
       Potion            |       |     2 |     2 |     4 ||     8
 Stab: Distracted        |     1 |       |       |       ||     1
  Eat: Chunk             |       |     7 |    16 |    22 ||    45
       Fruit             |       |       |     1 |       ||     1
       Royal jelly       |       |       |       |     1 ||     1
       Pizza             |       |       |       |     1 ||     1
Armor: Animal skin       |    18 |    31 |       |       ||    49
       Scale mail        |       |     5 |    70 |   249 ||   324
       Chain mail        |       |       |    50 |       ||    50
Dodge: Dodged            |    53 |    98 |   121 |   265 ||   537
